 Dungeon Crawl Stone Soup version 0.30.1-11-g7821555f0a (webtiles) character file.

Game seed: 15248951767377226292

415 jagang the Slasher (level 6, -15/51 HPs)
             Began as a Barachi Monk on Nov 29, 2023.
             Demolished by an ogre
             ... wielding a +0 giant club
              (16 damage)
             ... on level 4 of the Dungeon.
             The game lasted 00:05:55 (1755 turns).

jagang the Slasher (Barachi Monk)                   Turns: 1755, Time: 00:05:56

Health: -15/51     AC: 11    Str: 13    XL:     6   Next: 91%
Magic:  6/6        EV:  7    Int: 10    God:
Gold:   79         SH:  0    Dex: 16    Spells: 5/5 levels left

rFire   + . .        a - +0 falchion
rCold   . . .        d - orb {light}
rNeg    . . .        l - +0 chain mail
rPois   .            x - +1 helmet {SInv}
rElec   .            (no cloak)
rCorr   .            (no gloves)
SInv    +            (no boots)
Will    .....        (no amulet) Stlth
                     e - ring of protection from fire
HPRegen 0.28/turn    (no ring)
MPRegen 0.10/turn

%: no passive effects
@: unable to hop, glowing, slow
A: amphibious, slowness 1, strong legs 1, +LOS
a: Hop


You were on level 4 of the Dungeon.
You visited 1 branch of the dungeon, and saw 6 of its levels.
You also visited: Sewer.

You collected 79 gold pieces.

Inventory:

Hand Weapons
 a - a +0 falchion (weapon)
Armour
 d - an orb of light (worn)
 l - a +0 chain mail (worn)
 m - a +0 buckler
 x - a +1 helmet of see invisible (worn)
Jewellery
 e - a ring of protection from fire (left hand)
 q - a +6 ring of intelligence
Scrolls
 g - a scroll of enchant weapon {unknown}
 i - a scroll of acquirement {unknown}
 j - a scroll of vulnerability {unknown}
 k - a scroll of amnesia {unknown}
 n - a scroll of teleportation {unknown}
 o - a scroll of fog {unknown}
 p - 3 scrolls of identify {unknown}
 s - a scroll of butterflies {unknown}
 v - a scroll of fear {unknown}
 w - a scroll of enchant armour {unknown}
Potions
 b - a potion of mutation {unknown}
 c - a potion of ambrosia
 f - 5 potions of heal wounds {unknown}
 h - 2 potions of degeneration {unknown}
 r - a potion of might {unknown}
 t - 2 potions of cancellation {unknown}
 u - a potion of haste {unknown}


   Skills:
 + Level 5.1 Fighting
 * Level 6.4 Long Blades
 + Level 3.4 Armour
 - Level 3.2 Dodging
 + Level 2.7 Shields


You had 5 spell levels left.
You didn't know any spells.
Your spell library contained the following spells:

 Spells                   Type           Power      Damage    Failure   Level
 Magic Dart               Conj           0%         1d3       100%        1
 Call Imp                 Summ           0%         N/A       100%        2
 Mephitic Cloud           Conj/Pois/Air  0%         N/A       100%        3


Dungeon Overview and Level Annotations

Branches:
Dungeon (6/15)              Sewer (visited)
 Temple: D:4-7

Altars:
Kikubaaqudgha
Qazlal
Yredelemnul


Innate Abilities, Weirdness & Mutations

You are amphibious.
You cover ground slowly.
You can hop short distances.
You have an extended range of vision and can be seen from far away.


Message History

The endoplasm hits you.
You open the door. The endoplasm freezes you.
You are frozen.
* * * LOW HITPOINT WARNING * * *
There is an open door here.
The endoplasm attacks as you move away!
The endoplasm hits you but does no damage.
There is a collapsed entrance here.
You can't go down here!
You hit the endoplasm but do no damage. The endoplasm freezes you.
You are frozen.
* * * LOW HITPOINT WARNING * * *
You hit the endoplasm but do no damage.
The endoplasm hits you but does no damage.
You hit the endoplasm but do no damage. The endoplasm barely misses you.
You hit the endoplasm.
The endoplasm is moderately wounded.
The endoplasm freezes you.
You are frozen.
* * * LOW HITPOINT WARNING * * *
You hit the endoplasm but do no damage.
The endoplasm is moderately wounded.
The endoplasm hits you but does no damage.
You hit the endoplasm.
The endoplasm is almost dead.
The endoplasm hits you but does no damage.
You hit the endoplasm.
You kill the endoplasm!
You hit the ball python.
You kill the ball python!
You hit the ogre.
The ogre is lightly wounded.
The ogre hits you with a +0 giant club!
* * * LOW HITPOINT WARNING * * *
You slash the ogre!
The ogre is moderately wounded.
The ogre hits you with a +0 giant club!
You die...

#######
###.....###..
#.....#..##.#
#....###..#.#####
#..O##.#'........
###..##.@O##..#####
#.....##.##......
#.###..###..#.####
#.....O.#..##.#
#####.........#
##.....##.#
##.##.##.#
#.##.##.# #.##.##.#


You could see an ogre.

Vanquished Creatures
  A centaur (D:3)
  A phantom (D:4)
  A scorpion (D:4)
  A bullfrog zombie (D:4)
  A centaur zombie (D:4)
  7 gnolls (D:4)
  2 adders (Sewer)
  An adder zombie (D:4)
  2 orcs (D:3)
  3 endoplasms
  2 giant cockroaches
  2 goblins
  3 hobgoblins (D:1)
  2 quokkas
  7 ball pythons
  2 bats
  8 frilled lizards
  5 kobolds
  A rat (D:3)
52 creatures vanquished.

Notes
Turn   | Place    | Note
-------+----------+-------------------------------------------
     0 | D:1      | jagang the Barachi Monk began the quest for the Orb.
     0 | D:1      | Reached XP level 1. HP: 18/18 MP: 1/1
   205 | D:1      | Reached skill level 4 in Long Blades
   205 | D:1      | Reached XP level 2. HP: 13/25 MP: 2/2
   401 | D:1      | Found a faded altar of an unknown god.
   528 | D:1      | Reached skill level 1 in Armour
   871 | D:3      | Reached XP level 3. HP: 28/30 MP: 3/3
   881 | D:3      | Found an ancient bone altar of Kikubaaqudgha.
   942 | D:3      | Noticed a centaur
   956 | D:3      | Killed a centaur
   957 | D:3      | Reached skill level 5 in Long Blades
   957 | D:3      | Reached skill level 1 in Shields
   957 | D:3      | Reached XP level 4. HP: 14/38 MP: 4/4
  1072 | D:3      | You fall into a shaft and drop 3 floors!
  1080 | D:5      | Entered Level 5 of the Dungeon
  1084 | D:5      | Found a stormy altar of Qazlal.
  1119 | D:4      | Found a basalt altar of Yredelemnul.
  1144 | D:4      | Reached XP level 5. HP: 12/43 MP: 5/5
  1267 | D:4      | Found a glowing drain.
  1271 | Sewer    | Entered a sewer
  1319 | Sewer    | Noticed Pargi
  1510 | D:4      | Reached XP level 6. HP: 40/50 MP: 6/6
  1547 | D:4      | Reached skill level 6 in Long Blades
  1652 | D:4      | Reached skill level 5 in Fighting
  1754 | D:4      | HP: 1/51 [ogre/+0 giant club (12)]
  1755 | D:4      | Demolished by an ogre

Illustrated notes

Levels and vault maps discovered:
D:1:      dpeg_arrival_arbitrary_c, layout_basic,
          chequers_ecumenical_altar_lobes
D:2:      layout_rooms, minmay_joined_circles
D:3:      layout_loops_ring, kiku_gazebo_pond_becter,
          nicolae_overflow_hidden_temple, nicolae_grassy_gnolls
D:4:      layout_loops_cross, mainiacjoe_overflow_surrounded_room,
          nicolae_yredelemnul_corpse_copse, enter_ossuary_5,
          gup_sewer_entry_bowl, minmay_misc_feat_square, kennysheep_nondescript
D:5:      layout_loops_ring, nicolae_qazlal_general_emergency,
          grunt_temple_overflow_open, nicolae_shop_dragon_depot,
          dreamdust_mushroom_princess, hangedman_decor_riveting
D:6:      layout_basic, nicolae_overflow_two_pavilions,
          minmay_temple_entry_crystal_x, serial_shops, shop, hex_intersection

Skill      XL: |  1  2  3  4  5  6 |
---------------+-------------------+-----
Long Blades    | 4 5 6 |  6.4
Armour         | 1 2 3 |  3.4
Fighting       | 4 5 |  5.1
Shields        | 1 2 |  2.7
Dodging        | |  3.2

Action                     |  1- 3 |  4- 6 || total
---------------------------+-------+-------++-------
  Melee: Falchion          |    54 |   127 ||   181
Ability: Hop               |       |     2 ||     2
 Armour: Robe              |     3 |       ||     3
         Chain mail        |    23 |   102 ||   125
         Ring mail         |     1 |       ||     1
  Dodge: Dodged            |    34 |    63 ||    97
